 Dungeon Crawl Stone Soup version 0.26-a0-30-g56b8cd3df0 (webtiles) character file.

Game seed: 34598441458062087, levelgen mode: deterministic

198 Sloany the Chopper (level 5, -5/41 HPs)
             Began as a Demonspawn Fighter on June 1, 2020.
             Was an Initiate of Qazlal.
             Killed from afar by an orc wizard (6 damage)
             ... with a magic dart
             ... on level 4 of the Dungeon.
             The game lasted 00:07:29 (4256 turns).

Sloany the Chopper (Demonspawn Fighter)             Turns: 4256, Time: 00:07:30

Health: -5/41      AC:  7    Str: 17    XL:     5   Next: 47%
Magic:  5/5        EV:  7    Int:  9    God:    Qazlal [......]
Gold:   191        SH: 12    Dex: 13    Spells: 4/4 levels left

rFire    . . .     SeeInvis .   a - +0 war axe
rCold    . . .     Gourm    .   c - +0 kite shield
rNeg     . . .     Faith    .   b - +0 scale mail
rPois    .         Spirit   .   (helmet restricted)
rElec    .         Reflect  .   v - +0 cloak
rCorr    .         Harm     .   (no gloves)
MR       .....                  (no boots)
Stlth    ..........             (no amulet)
HPRegen  0.13/turn              (no ring)
MPRegen  0.09/turn              (no ring)

@: slowed, lightly drained, very slow
A: antennae 1, large bone plates 1
a: Renounce Religion


You were on level 4 of the Dungeon.
You worshipped Qazlal.
Qazlal was noncommittal.
You were not hungry.

You visited 1 branch of the dungeon, and saw 4 of its levels.

You collected 191 gold pieces.

Inventory:

Hand Weapons
 a - a +0 war axe (weapon)
Missiles
 g - 20 poisoned darts
 n - 55 stones (quivered)
Armour
 b - a +0 scale mail (worn)
 c - a +0 kite shield (worn)
 v - a +0 cloak (worn)
Jewellery
 i - an uncursed amulet of regeneration {unknown}
 k - an uncursed ring of ice {unknown}
 p - an uncursed amulet of regeneration {unknown}
Scrolls
 e - a scroll of teleportation {unknown}
 j - 6 scrolls of identify {unknown}
 l - a scroll of enchant armour {unknown}
 q - a scroll of magic mapping {unknown}
 t - 2 scrolls of remove curse {unknown}
Potions
 d - a potion of might
 h - a potion of mutation {unknown}
 m - a potion of magic {unknown}
 o - a potion of curing {unknown}
 r - a potion of invisibility {unknown}
 s - a potion of berserk rage {unknown}
 u - a potion of lignification {unknown}
Comestibles
 f - 4 rations
 w - 3 chunks of flesh


   Skills:
 - Level 3.0(2.7) Fighting
 + Level 4.9(4.6) Axes
 - Level 2.6(2.4) Armour
 + Level 1.1(0.9) Dodging
 + Level 0.9(0.6) Stealth
 - Level 2.6(2.4) Shields


You had 4 spell levels left.
You didn't know any spells.
Your spell library was empty.

Dungeon Overview and Level Annotations

Branches:
Dungeon (4/15)
 Temple: D:4-7

Altars:
Nemelex Xobeh
Qazlal
Vehumet
The Shining One


Innate Abilities, Weirdness & Mutations

You have a pair of small antennae on your head.
You are partially covered in large bone plates. (SH +4)


Message History

The orc wizard gestures at you while chanting.
The magic dart hits you but does no damage.
Something completely misses you.
You barely miss the leopard gecko.
Your shield prevents you from hitting the orc.
You hit the ogre. You closely miss something. You barely miss the orc wizard.
You block the orc wizard's attack. You block something's attack.
The leopard gecko bites you but does no damage.
The orc barely misses you. The orc wizard closely misses you.
Something hits you but does no damage. The leopard gecko bites you.
* * * LOW HITPOINT WARNING * * *
The ogre completely misses you. The orc barely misses you.
The orc wizard barely misses you. Something hits you but does no damage.
The leopard gecko barely misses you.
You completely miss the leopard gecko.
Your scale mail prevents you from hitting the orc.
You slash the ogre! You closely miss something. You hit the orc wizard.
The orc wizard points at you and mumbles some strange words.
The magic dart hits you.
You die...

.!..........
.........
#########.......
.......#.....#
......#.....#
#....#.....#
..##....#.....#+###
........#o.........
.......O@l.........
..##...{#o.......(.
#....#..<.......
.......+.....#+##.
[.......#.....#
........#.....#
..#######.....# ..
#.....# #......


You could see an ogre, an orc wizard (fast), an orc and a leopard gecko.

Vanquished Creatures
  Crazy Yiuf (D:3)
  Jessica (D:2)
  8 adders
  An ooze (D:2)
  3 dart slugs
  3 leopard geckos
  2 orcs
  A ball python (D:3)
  5 giant cockroaches
  3 goblins
  7 hobgoblins
  A quokka (D:2)
  8 bats
  5 frilled lizards
  4 kobolds
  8 rats
61 creatures vanquished.

Notes
Turn   | Place    | Note
-------+----------+-------------------------------------------
     0 | D:1      | Sloany the Demonspawn Fighter began the quest for the Orb.
     0 | D:1      | Reached XP level 1. HP: 18/18 MP: 1/1
    51 | D:1      | Reached skill level 2 in Axes
   277 | D:1      | Gained mutation: You have a pair of small antennae on your
                  | head. [demonic ancestry]
   277 | D:1      | Reached XP level 2. HP: 24/24 MP: 2/2
   586 | D:1      | Reached skill level 3 in Axes
   803 | D:1      | Reached XP level 3. HP: 29/29 MP: 3/3
  1856 | D:2      | Noticed Jessica
  1860 | D:2      | Killed Jessica
  1860 | D:2      | Gained mutation: You are partially covered in large bone
                  | plates. (SH +4) [demonic ancestry]
  1860 | D:2      | Reached XP level 4. HP: 31/35 MP: 4/4
  1898 | D:2      | Reached skill level 4 in Axes
  2144 | D:2      | Found a glowing golden altar of the Shining One.
  2350 | D:2      | Found a stormy altar of Qazlal.
  2510 | D:2      | Reached XP level 5. HP: 32/41 MP: 5/5
  2822 | D:2      | Became a worshipper of Qazlal Stormbringer
  2954 | D:3      | Found a runed translucent door.
  2955 | D:3      | Noticed Crazy Yiuf
  3340 | D:3      | Found a radiant altar of Vehumet.
  3678 | D:3      | Found a sparkling altar of Nemelex Xobeh.
  4097 | D:3      | Killed Crazy Yiuf
  4248 | D:4      | Noticed an ogre
  4250 | D:4      | Reached skill level 1 in Dodging
  4255 | D:4      | HP: 1/41 [leopard gecko (3)]
  4256 | D:4      | Killed from afar by an orc wizard

Illustrated notes

Levels and vault maps discovered:
D:1:      wander_arrival_peaceful_grave, layout_basic
D:2:      layout_basic, lemuel_crystal_altar, marbit_many_paths, uniq_jessica
D:3:      layout_basic, overflow_temple_1_default, nemelex_spade_bored_becter,
          uniq_crazy_yiuf_cottage
D:4:      layout_gridville, minmay_temple_entry_proselytizer, serial_shops, shop

Skill      XL: |  1  2  3  4  5 |
---------------+----------------+-----
Axes           | 2 3 4 |  4.9
Dodging        | 1 |  1.1
Fighting       | |  3.0
Armour         | |  2.6
Stealth        | |  0.9
Shields        | |  2.6

Action                   |  1- 3 |  4- 6 || total
-------------------------+-------+-------++-------
Melee: War axe           |   126 |    99 ||   225
  Eat: Chunk             |     3 |     4 ||     7
       Ration            |       |     1 ||     1
Armor: Scale mail        |    69 |    57 ||   126
Dodge: Dodged            |    38 |    23 ||    61
Block: Kite shield       |    73 |    79 ||   152

Table legend:
 A = Non-vault XP
 B = Vault XP
 C = Vault XP percentage of total XP
 D = Non-vault monster count
 E = Vault monster count
 F = Vault count percentage of total count
                 A         B        C        D         E       F
            +---------+---------+-------+---------+---------+-------
      Total |     191 |      92 |  32.5 |      58 |       3 |   4.9
            +---------+---------+-------+---------+---------+-------
        D:1 |      48 |       0 |   0.0 |      26 |       0 |   0.0
        D:2 |     100 |      51 |  33.8 |      22 |       2 |   8.3
        D:3 |      26 |      41 |  61.2 |       7 |       1 |  12.5
        D:4 |      17 |       0 |   0.0 |       3 |       0 |   0.0
            +---------+---------+-------+---------+---------+-------
